 Dungeon Crawl Stone Soup version 0.28.0-43-g3370ac3207 (webtiles) character file.

Game seed: 7027802321330090102

417 marklar909 the Cudgeller (level 6, 0/51 HPs)
             Began as a Palentonga Fighter on Mar 22, 2022.
             Slain by an iguana (10 damage)
             ... on level 4 of the Dungeon.
             The game lasted 00:07:49 (5235 turns).

marklar909 the Cudgeller (Palentonga Fighter)       Turns: 5235, Time: 00:07:49

Health: 0/51       AC:  6    Str: 19    XL:     6   Next: 61%
Magic:  6/6        EV:  9    Int:  8    God:
Gold:   223        SH:  4    Dex: 12    Spells: 5/5 levels left

rFire   . . .      SeeInvis +   p - +0 morningstar
rCold   . . .      Faith    .   c - +0 buckler
rNeg    + . .      Spirit   .   d - +1 leather armour {rN+}
rPois   .          Reflect  .   (no helmet)
rElec   .          Harm     .   (no cloak)
rCorr   .          Rampage  .   (no gloves)
Will    .....                   (no barding)
Stlth   +.........              (no amulet)
HPRegen 0.17/turn               (no ring)
MPRegen 0.10/turn               (no ring)

@: no status effects
A: large, rugged brown scales 3, see invisible, deformed body, roll 1, armoured
tail
a: Rolling Charge


You were on level 4 of the Dungeon.
You visited 1 branch of the dungeon, and saw 4 of its levels.

You collected 223 gold pieces.

Inventory:

Hand Weapons
 p - a +0 morningstar (weapon)
Missiles
 k - a throwing net (quivered)
 s - 8 poisoned darts
Armour
 b - a +0 scale mail
 c - a +0 buckler (worn)
 d - a +1 leather armour of positive energy (worn)
 r - a +0 chain mail
Jewellery
 a - a ring of poison resistance
Scrolls
 e - a scroll of identify {unknown}
 h - a scroll of fog {unknown}
 i - a scroll of amnesia {unknown}
 j - a scroll of silence {unknown}
 m - a scroll of enchant armour {unknown}
 n - a scroll of fear {unknown}
 q - a scroll of vulnerability {unknown}
Potions
 f - a potion of magic {unknown}
 g - 2 potions of mutation {unknown}
 l - a potion of flight {unknown}
 o - a potion of attraction {unknown}


   Skills:
 + Level 3.9 Fighting
 + Level 4.2 Maces & Flails
 + Level 0.5 Throwing
 + Level 4.0 Armour
 + Level 1.3 Dodging
 + Level 0.4 Stealth
 + Level 3.0 Shields


You had 5 spell levels left.
You didn't know any spells.
Your spell library was empty.

Dungeon Overview and Level Annotations

Branches:
Dungeon (4/15)
 Temple: D:4-7

Altars:
Ru
Wu Jian
Xom

Annotations:
D:3 2 transporters, experimilk's ghost, amateur KoAM


Innate Abilities, Weirdness & Mutations

You are completely covered in rugged brown scales. (AC +3, +7% HP)
You have supernaturally acute eyesight. (SInv)
Armour fits poorly on your strangely shaped body.
You can roll at nearby foes to attack.
You have a long armoured tail.


Message History

You barely miss the phantom.
The phantom is heavily damaged.
The phantom hits you.
The phantom blinks!
You blink.
You miss the phantom.
The phantom is heavily damaged.
The phantom barely misses you. The phantom hits you.
You closely miss the phantom.
Your tail-slap misses the phantom.
The phantom is heavily damaged.
The phantom barely misses you.
You puncture the phantom!
The phantom is severely damaged.
The phantom completely misses you.
You hit the phantom.
Your tail-slap misses the phantom.
The phantom is almost destroyed.
The phantom completely misses you. The iguana closely misses you.
The phantom hits you but does no damage.
The iguana barely misses you.
You hit the phantom.
The phantom is almost destroyed.
The phantom hits you. The iguana bites you.
You closely miss the phantom.
The phantom is almost destroyed.
The phantom closely misses you. The iguana bites you.
The phantom hits you but does no damage.
You thump the phantom!
You destroy the phantom!
The iguana bites you! The iguana closely misses you.
Your Maces & Flails skill increases to level 4!
You are too injured to fight recklessly!
You barely miss the iguana.
The iguana hisses menacingly.
The iguana bites you!
* * * LOW HITPOINT WARNING * * *
You closely miss the iguana. The iguana closely misses you.
You puncture the iguana!
The iguana is severely wounded.
The iguana bites you.
* * * LOW HITPOINT WARNING * * *
The iguana bites you!
You die...

##### ...#...# ..# ....#
####.....#(..# . ....+ ..#
.........(..?# . ....# ..#
#######.........# ...
....#....##+#...........(...+ ...
....#....#.....#.........#### ..
....#....#.....#.........# .. .
##.......#.....#............ ...
##.......##.....@..#####........#
.........##....l...# .........
.........##........# .........
.........##........# ........
.........##........# ....
#####.......#'###### ....
#.#######.# .... #.......#.######
.... #######.......... #########


You could see an iguana.

Vanquished Creatures
  2 phantoms
  A scorpion (D:4)
  Robin (D:2)
  3 adders (D:3)
  7 gnolls
  3 worms
  A dart slug (D:2)
  6 orcs (D:3)
  6 ball pythons
  9 bats
  6 endoplasms
  3 giant cockroaches
  9 goblins
  14 hobgoblins
  5 kobolds
  A quokka (D:3)
  2 frilled lizards (D:2)
  5 rats
84 creatures vanquished.

Notes
Turn   | Place    | Note
-------+----------+-------------------------------------------
     0 | D:1      | marklar909 the Palentonga Fighter began the quest for the
                  | Orb.
     0 | D:1      | Reached XP level 1. HP: 19/19 MP: 1/1
   206 | D:1      | Reached XP level 2. HP: 23/25 MP: 2/2
   709 | D:1      | Reached XP level 3. HP: 31/31 MP: 3/3
  1327 | D:2      | Reached XP level 4. HP: 32/37 MP: 4/4
  1850 | D:2      | Found a shimmering altar of Xom.
  1933 | D:2      | Noticed Robin
  1965 | D:2      | Killed Robin
  1966 | D:2      | Reached XP level 5. HP: 24/43 MP: 5/5
  2792 | D:3      | Noticed a phantom
  3005 | D:3      | Killed a phantom
  3006 | D:3      | Reached skill level 1 in Dodging
  3909 | D:3      | Found a faded altar of an unknown god.
  4184 | D:3      | Noticed experimilk's ghost (amateur KoAM)
  4205 | D:3      | Found a transporter.
  4229 | D:3      | Reached XP level 6. HP: 48/51 MP: 6/6
  4628 | D:3      | Found an ornate altar of the Wu Jian Council.
  4629 | D:3      | Found a sacrificial altar of Ru.
  4715 | D:3      | Found a transporter.
  5235 | D:4      | Slain by an iguana

Illustrated notes

Levels and vault maps discovered:
D:1:      ncdulo_smallfort, layout_rooms, serial_bayou_pond_d, feat_on_display
D:2:      layout_rooms, basic_altar, minmay_ruptured, uniq_robin
D:3:      layout_basic, mainiacjoe_overflow_divided_tiny,
          gammafunk_ghost_stat_death, chequers_ecumenical_altar_island,
          minivault_5
D:4:      layout_basic, serial_shops, nicolae_shop_crystal

Skill      XL: |  1  2  3  4  5  6 |
---------------+-------------------+-----
Armour         | 3 4 |  4.0
Maces & Flails | 3 4 |  4.2
Dodging        | 1 |  1.3
Shields        | 3 |  3.0
Fighting       | |  3.9
Throwing       | |  0.5
Stealth        | |  0.4

Action                   |  1- 3 |  4- 6 || total
-------------------------+-------+-------++-------
Melee: Flail             |    70 |   140 ||   210
       Tailslap          |     2 |    10 ||    12
       Morningstar       |       |    51 ||    51
Throw: Dart              |       |    15 ||    15
       Throwing net      |       |     4 ||     4
 Abil: Rolling Charge    |     2 |     3 ||     5
  Use: Potion            |       |     4 ||     4
Armor: Scale mail        |    37 |    62 ||    99
       Leather armour    |       |    22 ||    22
Dodge: Dodged            |    31 |    82 ||   113
Block: Buckler           |    16 |    42 ||    58
